 Dungeon Crawl Stone Soup version 0.28-a0-957-g42eb19b844 (webtiles) character file.

Game seed: 3344501670876909951

855 ryw the Cutter (level 8, -2/60 HPs)
             Began as a Human Brigand on Dec 1, 2021.
             Killed from afar by Dowan (7 damage)
             ... with a puff of frost
             ... on level 5 of the Dungeon.
             The game lasted 00:12:46 (7641 turns).

ryw the Cutter (Human Brigand)                      Turns: 7641, Time: 00:12:46

Health: -2/60      AC:  4    Str: 12    XL:     8   Next: 21%
Magic:  9/9        EV: 13    Int: 16    God:
Gold:   211        SH:  5    Dex: 15    Spells: 9/9 levels left

rFire   . . .      SeeInvis .   a - +2 dagger
rCold   . . .      Faith    .   (no shield)
rNeg    . . .      Spirit   .   b - +0 robe
rPois   .          Reflect  +   (no helmet)
rElec   .          Harm     .   c - +1 cloak
rCorr   .          Rampage  .   (no gloves)
Will    +....                   (no boots)
Stlth   +++.......              h - amulet of Levity {Reflect +Blink Int+3 SH+5}
HPRegen 0.20/turn               f - ring of willpower
MPRegen 0.11/turn               (no ring)

@: no status effects
A: no striking features
a: Evoke Blink


You were on level 5 of the Dungeon.
You visited 2 branches of the dungeon, and saw 6 of its levels.

You collected 211 gold pieces.

Inventory:

Hand Weapons
 a - a +2 dagger (weapon)
Missiles
 d - 27 poisoned darts (quivered)
 e - 8 curare-tipped darts
 n - 3 boomerangs of dispersal
 o - 7 javelins
Armour
 b - a +0 robe (worn)
 c - a +1 cloak (worn)
Jewellery
 f - a ring of willpower (left hand)
 h - the amulet of Levity (around neck) {Reflect +Blink Int+3 SH+5}
   (You acquired it on level 3 of the Dungeon)

   [amulet of reflection]

   It reflects blocked missile attacks.
   Int:       It affects your intelligence (+3).
   +Blink:    It lets you blink.
   SH:        It affects your SH (+5).
Scrolls
 g - a scroll of fog
 i - 2 scrolls of identify
 l - 5 scrolls of teleportation
 m - 2 scrolls of fear {unknown}
 p - a scroll of enchant weapon {unknown}
 r - 2 scrolls of magic mapping {unknown}
 t - a scroll of vulnerability {unknown}


   Skills:
 + Level 4.2 Fighting
 * Level 5.8 Short Blades
 + Level 2.4 Throwing
 + Level 3.7 Dodging
 + Level 4.2 Stealth
 + Level 1.1 Spellcasting
 + Level 2.9 Evocations


You had 9 spell levels left.
You didn't know any spells.
Your spell library contained the following spells:

 Spells                   Type           Power      Damage    Failure   Level
 Summon Small Mammal      Summ           0%         N/A       22%         1
 Call Canine Familiar     Summ           0%         N/A       56%         3
 Summon Guardian Golem    Hex/Summ       0%         N/A       56%         3
 Tukima's Dance           Hex            0%         N/A       56%         3
 Passage of Golubria      Tloc           0%         N/A       92%         4
 Petrify                  Tmut/Erth      0%         N/A       92%         4
 Alistair's Intoxication  Tmut/Pois      0%         N/A       99%         5
 Borgnjor's Vile Clutch   Necr/Erth      0%         N/A       99%         5
 Metabolic Englaciation   Hex/Ice        0%         N/A       99%         5
 Yara's Violent Unravell  Hex/Tmut       0%         3d3       99%         5
 Eringya's Noxious Bog    Tmut/Pois      0%         N/A       100%        6
 Statue Form              Tmut/Erth      0%         N/A       100%        6


Dungeon Overview and Level Annotations

Branches:
Dungeon (5/15)             Temple (1/1) D:4

Altars:
Cheibriados
Elyvilon
Kikubaaqudgha
Makhleb
Okawaru
Qazlal
Ru
Trog
Vehumet
Wu Jian
Xom
Yredelemnul
Zin
The Shining One

Annotations:
D:3 1 runed translucent door, Crazy Yiuf
D:5 Dowan, Duvessa


Message History

You hit the water moccasin.
The water moccasin is lightly wounded.
You feel sick.
The water moccasin bites you but does no damage.
You hit the water moccasin.
The water moccasin is lightly wounded.
You feel sick. The water moccasin barely misses you.
You closely miss the water moccasin.
The water moccasin is lightly wounded.
You feel sick. You block the water moccasin's attack.
You hit the water moccasin.
The water moccasin is moderately wounded.
You feel sick. The water moccasin bites you.
* * * LOW HITPOINT WARNING * * *
You aren't carrying any potions.
Unknown command.
As you read the scroll of teleportation, it crumbles to dust.
You feel strangely unstable.
You feel sick.
The water moccasin bites you but does no damage. x2
Unknown command.
You hit the water moccasin.
The water moccasin is heavily wounded.
The water moccasin bites you.
* * * LOW HITPOINT WARNING * * *
Unknown command.
You hit the water moccasin.
The water moccasin is severely wounded.
You feel sick. The water moccasin bites you.
* * * LOW HITPOINT WARNING * * *
Unknown command.
You hit the water moccasin but do no damage.
The water moccasin is severely wounded.
Your surroundings suddenly seem different.
You feel sick.
You feel sick.
You are no longer poisoned.
Dowan shouts!
You hear a shout!
Dowan points at you and mumbles some strange words.
The puff of frost hits you!
You die...

..#...... ##.....................
..#......##......................
..........##.........##..........
......................###........
.................................
.....e...........................
...#......e.>.............#......
..(.................#....##......
......e..###....@..#.....#.......
....(.....##.....####............
..........#.............##.##....
......##..##............#..#.....
..###.............#..........####
...##......##.....#....#.......#
.####.........#................#
## ##........##.............#.##
#.....................(.....#


You could see Dowan.

Vanquished Creatures
  Edmund (D:4)
  An ogre (D:5)
  A black bear (D:5)
  Blork the orc (D:4)
  A scorpion (D:4)
  A water moccasin zombie (D:5)
  3 wights (D:4)
  A bullfrog zombie (D:4)
  A hound (D:5)
  2 iguanas
  A hound skeleton (D:4)
  6 adders
  An ufetubus (D:5)
  A worm (D:4)
  6 orcs
  7 ball pythons
  11 endoplasms
  3 giant cockroaches
  8 goblins
  6 hobgoblins
  10 jackals
  3 quokkas
  6 bats
  2 frilled lizards
  5 kobolds
  5 rats
94 creatures vanquished.

Notes
Turn   | Place    | Note
-------+----------+-------------------------------------------
     0 | D:1      | ryw the Human Brigand began the quest for the Orb.
     0 | D:1      | Reached XP level 1. HP: 16/16 MP: 1/1
    90 | D:1      | Reached XP level 2. HP: 22/22 MP: 2/2
   830 | D:1      | Reached XP level 3. HP: 23/28 MP: 3/3
  1734 | D:2      | Reached skill level 3 in Short Blades
  1893 | D:2      | Reached XP level 4. HP: 33/34 MP: 4/4
  3145 | D:3      | Found a runed translucent door.
  3146 | D:3      | Noticed Crazy Yiuf
  3322 | D:3      | Identified a scroll of acquirement
  3322 | D:3      | Acquired the amulet of Levity {Reflect +Blink Int+3 SH+5}
  3541 | D:4      | Reached XP level 5. HP: 18/40 MP: 5/5
  3839 | D:4      | Reached skill level 4 in Short Blades
  4062 | D:4      | Noticed Edmund
  4108 | D:4      | Reached skill level 1 in Evocations
  4634 | D:4      | Found an ornate altar of the Wu Jian Council.
  5162 | D:4      | Killed Edmund
  5163 | D:4      | Reached XP level 6. HP: 4/47 MP: 6/6
  5503 | D:4      | Found a staircase to the Ecumenical Temple.
  5543 | Temple   | Entered the Ecumenical Temple
  5708 | D:4      | Noticed Blork the orc
  5730 | D:4      | Killed Blork the orc
  5731 | D:4      | Reached XP level 7. HP: 28/52 MP: 7/7
  6009 | D:4      | Reached skill level 5 in Short Blades
  6809 | D:5      | Entered Level 5 of the Dungeon
  6959 | D:5      | Reached XP level 8. HP: 12/60 MP: 7/9
  7463 | D:5      | Noticed Dowan
  7475 | D:5      | Noticed Duvessa
  7515 | D:5      | Reached skill level 1 in Spellcasting
  7641 | D:5      | Killed from afar by Dowan

Illustrated notes

Levels and vault maps discovered:
D:1:      amcnicky_arrival_flooded_fountain, layout_basic, due_unseen_surprise
D:2:      layout_basic
D:3:      layout_rooms, kennysheep_generic_room_16, uniq_crazy_yiuf_cottage
D:4:      layout_loops_ring, nicolae_wu_jian_wuxing_cycle,
          minmay_temple_entry_steel_oval, uniq_edmund, uniq_blork_the_orc
D:5:      layout_cave_pools, uniq_duvessa
Temple:   dshaligram_water_room_temple

Skill      XL: |  1  2  3  4  5  6  7  8 |
---------------+-------------------------+-----
Short Blades   | 3 4 5 |  5.8
Dodging        | 2 3 |  3.7
Fighting       | 3 4 |  4.2
Evocations     | 1 2 |  2.9
Spellcasting   | 1 |  1.1
Throwing       | |  2.4
Stealth        | |  4.2

Action                   |  1- 3 |  4- 6 |  7- 9 || total
-------------------------+-------+-------+-------++-------
Melee: Dagger            |   130 |   140 |    81 ||   351
Throw: Dart              |       |    50 |    29 ||    79
Evoke: Wand              |       |       |    16 ||    16
  Use: Scroll            |       |     3 |     3 ||     6
       Potion            |       |       |     4 ||     4
 Stab: Sleeping          |     8 |     8 |     3 ||    19
       Distracted        |       |     1 |       ||     1
       Invisible         |       |       |     2 ||     2
Armor: Robe              |    34 |    23 |    12 ||    69
Dodge: Dodged            |    84 |    72 |    35 ||   191
Block: Other             |       |    25 |    19 ||    44

Table legend: (Time is in decaauts)
 A = Elapsed time spent in this place.
 B = Non-inter-level travel time spent in this place.
 C = Inter-level travel time spent in this place.
 D = Time resting spent in this place.
 E = Time spent auto-exploring this place.
 F = Levels seen in this place.
 G = Mean time per level.
                   A        B        C        D        E       F      G
               +--------+--------+--------+--------+--------+-----+--------+
         Total |   7568 |   7315 |    253 |   2428 |   3639 |   6 | 1261.3 |
       Dungeon |   7476 |   7223 |    253 |   2428 |   3579 |   5 | 1495.2 |
        Temple |     91 |     91 |      0 |      0 |     60 |   1 |   91.0 |
               +--------+--------+--------+--------+--------+-----+--------+

Top non-repeatable levels by time:
     D:4: 2497 daAuts
     D:3: 1597 daAuts
     D:2: 1311 daAuts
     D:1: 1252 daAuts
     D:5: 817 daAuts
  Temple: 91 daAuts
